London Knights vs Newfoundland Shamrocks
Created - Sunday, October 8, 2023 at 07:18
Goals
|
| London Knights |
3 |
1 |
1 |
5 |
| Newfoundland Shamrocks |
1 |
0 |
2 |
3 |
|
Shots
|
| London Knights |
10 |
10 |
13 |
33 |
| Newfoundland Shamrocks |
21 |
6 |
8 |
35 |
|
1st period
1. Newfoundland Shamrocks , Maxime Comtois 14 (Alex Chiasson 19, Raphael Lavoie 15) at 2:27 (PP)
2. London Knights , Cameron Hughes 13 (Connor Bunnaman 10) at 7:54 (PP)
3. London Knights , Liam Foudy 10 (Simon Ryfors 17, Pavol Regenda 10) at 15:22 (PP)
4. London Knights , Liam Foudy 11 (Simon Ryfors 18) at 16:18
Penalties :
Jordan Oesterle (LKN) for Tripping (Minor) at 2:19, Alex Galchenyuk (NFS) for Goalie Interference (Minor) at 4:18, Ilya Solovyov (NFS) for Elbowing (Minor) at 7:37, Wyatte Wylie (NFS) for Fighting (Major) at 8:03, Troy Stecher (LKN) for Fighting (Major) at 8:03, Wyatte Wylie (NFS) for instigated a fight (Minor) at 8:03, Wyatte Wylie (NFS) for instigated a fight (10 Minutes Misconduct) at 8:03, Casey DeSmith (NFS) for Slashing (Minor) at 11:59 - Ilya Solovyov served the penalty, Jon Merrill (NFS) for Holding (Minor) at 14:58
2nd period
5. London Knights , Connor Bunnaman 7 (Jacob Christiansen 6, Cameron Hughes 18) at 17:36
Penalties :
Wyatte Wylie (NFS) for Slashing (Double Minor) at 6:05
3rd period
6. Newfoundland Shamrocks , Alex Chiasson 20 (Ilya Solovyov 6, Raphael Lavoie 16) at 1:44
7. London Knights , Cole Koepke 5 (Jacob Christiansen 7, Jan Jenik 5) at 3:13
8. Newfoundland Shamrocks , Drew O'Connor 7 (William Dufour 12, Robert Bortuzzo 5) at 3:48
Penalties :
Samuel Poulin (NFS) for Fighting (Major) at 4:45, Alec Regula (LKN) for Fighting (Major) at 4:45, Samuel Poulin (NFS) for instigated a fight (Minor) at 4:45, Samuel Poulin (NFS) for instigated a fight (10 Minutes Misconduct) at 4:45, Christian Wolanin (LKN) for Hooking (Minor) at 8:52, Jordan Oesterle (LKN) for Hooking (Minor) at 16:18
Goalie Stats
Michael Hutchinson (LKN), 32 saves from 35 shots - (0.914), W, 10-11-3, 60:00 minutes
Casey DeSmith (NFS), 28 saves from 33 shots - (0.848), L, 11-9-2, 60:00 minutes
Players Stats for London Knights
Player Name G A P +/- PIM S H SB GA TA FO MP PP MP PK MP
------------------------------------------------------------------------------------
Alec Regula 0 0 0 0 5 0 2 1 0 1 0/0 12:20 0:12 0:59
Antonio Stranges 0 0 0 -1 0 3 3 0 0 0 0/1 12:02 0:40 0:05
Cameron Hughes 1 1 2 0 0 7 1 1 0 1 6/12 19:15 5:30 1:56
Christian Wolanin 0 0 0 0 2 1 0 1 0 0 0/0 24:36 5:52 0:45
Cole Koepke 1 0 1 1 0 1 1 0 0 0 0/0 8:11 0:00 0:00
Connor Bunnaman 1 1 2 0 0 1 2 0 1 1 0/0 17:39 5:30 0:05
Curtis Douglas 0 0 0 1 0 0 0 0 0 0 0/0 9:35 1:20 0:00
Hunter McKown 0 0 0 -1 0 3 2 0 0 0 2/4 11:52 0:46 0:00
Jacob Christiansen 0 2 2 1 0 1 1 2 0 0 0/0 23:33 6:32 3:00
Jan Jenik 0 1 1 1 0 1 0 0 0 0 3/3 8:11 0:00 0:00
Jordan Oesterle 0 0 0 1 4 1 4 1 1 0 0/0 20:27 6:20 0:42
Kieffer Bellows 0 0 0 0 0 1 0 0 1 0 0/0 17:11 5:22 0:00
Liam Foudy 2 0 2 1 0 5 1 0 0 1 1/3 19:47 5:45 2:05
Nick Swaney 0 0 0 -1 0 0 0 0 0 0 0/0 11:36 0:34 0:00
Pavol Regenda 0 1 1 1 0 1 2 0 0 0 0/0 19:54 6:07 1:56
Simon Lundmark 0 0 0 0 0 2 1 2 0 0 0/0 15:42 1:41 0:48
Simon Ryfors 0 2 2 1 0 4 2 0 1 0 11/28 20:20 6:14 2:05
Troy Stecher 0 0 0 0 5 1 3 3 1 2 0/0 23:42 4:35 2:02
Players Stats for Newfoundland Shamrocks
Player Name G A P +/- PIM S H SB GA TA FO MP PP MP PK MP
------------------------------------------------------------------------------------
Alex Chiasson 1 1 2 0 0 3 1 0 1 0 0/1 15:30 1:54 0:00
Alex Galchenyuk 0 0 0 -1 2 0 0 0 2 0 0/0 10:34 2:05 0:56
Drew O'Connor 1 0 1 0 0 4 4 0 1 0 0/0 17:35 0:00 5:31
Dylan Coghlan 0 0 0 0 0 1 0 0 0 1 0/0 21:31 0:00 6:30
Ilya Solovyov 0 1 1 0 2 0 2 0 0 0 0/0 17:16 2:05 1:15
Jon Merrill 0 0 0 -1 2 0 2 3 0 0 0/0 24:00 0:00 5:43
Josh Archibald 0 0 0 0 0 3 2 0 0 0 1/1 18:28 0:04 5:49
Maxime Comtois 1 0 1 0 0 3 1 1 0 0 0/1 15:06 1:54 0:00
Nicolas Deslauriers 0 0 0 0 0 2 9 0 1 0 0/0 16:40 2:08 1:35
Peter Abbandonato 0 0 0 0 0 4 1 0 1 2 10/17 19:11 1:37 6:06
Raphael Lavoie 0 2 2 0 0 4 0 1 0 0 12/18 14:44 1:54 0:00
Robert Bortuzzo 0 1 1 -1 0 2 2 3 0 0 0/0 23:48 0:00 5:41
Samuel Poulin 0 0 0 0 17 0 1 1 0 0 1/6 8:35 0:00 0:00
Tanner Laczynski 0 0 0 -1 0 6 1 2 0 1 3/6 14:17 0:39 5:31
William Dufour 0 1 1 0 0 3 2 1 0 0 1/1 13:04 2:08 0:00
William Villeneuve 0 0 0 0 0 0 2 2 0 0 0/0 17:50 2:01 3:48
Wyatte Wylie 0 0 0 0 21 0 1 1 0 1 0/0 11:05 0:00 2:15
Zayde Wisdom 0 0 0 -1 0 0 0 1 0 0 0/0 8:20 2:01 0:00
3 Stars
1 - Liam Foudy (LKN)
2 - Connor Bunnaman (LKN)
3 - Cameron Hughes (LKN)
Power Play
London Knights - 2 on 8 Attempt(s) - 25.00%
Newfoundland Shamrocks - 1 on 3 Attempt(s) - 33.33%
Penalty Kill
London Knights - 2 on 3 Attempt(s) - 66.67%
- Score 0 goal in Penalty Kill
Newfoundland Shamrocks - 6 on 8 Attempt(s) - 75.00%
- Score 0 goal in Penalty Kill
Team Stat
London Knights - Hits : 25 - Faceoff Wins : 23 - Blocked Shots : 11 - Penalty Minutes : 16
Newfoundland Shamrocks - Hits : 31 - Faceoff Wins : 28 - Blocked Shots : 16 - Penalty Minutes : 46
Official
Referees : Brian Pochmara and Kelly Sutherland
Linesman : Derek Nansen and Pierre Racicot
Game Notes
Troy Stecher beats up Wyatte Wylie at 8:03 of 1st period
Samuel Poulin and Alec Regula fight to a draw at 4:45 of 3rd period
London Knights
5 vs 5 Forward
Center Left Wing Right Wing Time % Phy DF OF
1 Simon Ryfors Liam Foudy Pavol Regenda 30 1 2 2
2 Cameron Hughes Connor Bunnaman Kieffer Bellows 30 1 2 2
3 Hunter McKown Antonio Stranges Nick Swaney 25 1 2 2
4 Jan Jenik Cole Koepke Curtis Douglas 15 1 2 2
5 vs 5 Defense
Defense Defense Time % Phy DF OF
1 Troy Stecher Christian Wolanin 30 1 2 2
2 Jacob Christiansen Jordan Oesterle 30 1 2 2
3 Simon Lundmark Alec Regula 25 1 2 2
4 Troy Stecher Christian Wolanin 15 1 2 2
PowerPlay Forward
Center Left Wing Right Wing Time % Phy DF OF
1 Simon Ryfors Liam Foudy Pavol Regenda 50 1 2 2
2 Cameron Hughes Connor Bunnaman Kieffer Bellows 50 1 2 2
PowerPlay Defense
Defense Defense Time % Phy DF OF
1 Troy Stecher Christian Wolanin 50 1 2 2
2 Jacob Christiansen Jordan Oesterle 50 1 2 2
Penalty Kill 4 Players Forward
Center Wing Time % Phy DF OF
1 Simon Ryfors Liam Foudy 50 1 2 2
2 Cameron Hughes Pavol Regenda 50 1 2 2
Penalty Kill 4 Players Defense
Defense Defense Time % Phy DF OF
1 Troy Stecher Christian Wolanin 50 1 2 2
2 Jacob Christiansen Jordan Oesterle 50 1 2 2
Penalty Kill - 3 Players Forward
Forward Time % Phy DF OF
1 Simon Ryfors 50 1 2 2
2 Liam Foudy 50 1 2 2
Penalty Kill - 3 Players Defense
Defense Defense Time % Phy DF OF
1 Troy Stecher Christian Wolanin 50 1 2 2
2 Jacob Christiansen Jordan Oesterle 50 1 2 2
4 vs 4 Forward
Center Wing Time % Phy DF OF
1 Simon Ryfors Liam Foudy 50 1 2 2
2 Cameron Hughes Pavol Regenda 50 1 2 2
4 vs 4 Defense
Defense Defense Time % Phy DF OF
1 Troy Stecher Christian Wolanin 50 1 2 2
2 Jacob Christiansen Jordan Oesterle 50 1 2 2
Last Minutes Offensive
Center Left Wing Right Wing Defense Defense
Simon Ryfors Liam Foudy Pavol Regenda Troy Stecher Christian Wolanin
Last Minutes Defensive
Center Left Wing Right Wing Defense Defense
Simon Ryfors Liam Foudy Pavol Regenda Troy Stecher Christian Wolanin
Goaltenders
Starting : Michael Hutchinson
Backup : Dylan Wells
Extra Forwards
Normal : Curtis Douglas, Hunter McKown, Antonio Stranges - PP : Curtis Douglas, Hunter McKown - PK : Antonio Stranges
Extra Defensemen
Normal : Simon Lundmark, Alec Regula, Jacob Christiansen - PP : Simon Lundmark - PK : Alec Regula, Jacob Christiansen
Penalty Shots
Simon Ryfors, Liam Foudy, Cameron Hughes, Pavol Regenda, Hunter McKown
Newfoundland Shamrocks
5 vs 5 Forward
Center Left Wing Right Wing Time % Phy DF OF
1 Raphael Lavoie Maxime Comtois Alex Chiasson 30 1 2 2
2 Peter Abbandonato Nicolas Deslauriers Josh Archibald 30 1 2 2
3 Samuel Poulin Drew O'Connor William Dufour 25 1 2 2
4 Zayde Wisdom Alex Galchenyuk Tanner Laczynski 15 1 2 2
5 vs 5 Defense
Defense Defense Time % Phy DF OF
1 Jon Merrill Robert Bortuzzo 30 1 2 2
2 Dylan Coghlan Ilya Solovyov 30 1 2 2
3 William Villeneuve Wyatte Wylie 25 1 2 2
4 Jon Merrill Robert Bortuzzo 15 1 2 2
PowerPlay Forward
Center Left Wing Right Wing Time % Phy DF OF
1 Raphael Lavoie Maxime Comtois Alex Chiasson 50 1 2 2
2 Samuel Poulin Nicolas Deslauriers William Dufour 50 1 2 2
PowerPlay Defense
Defense Defense Time % Phy DF OF
1 Ilya Solovyov Alex Galchenyuk 50 1 2 2
2 Zayde Wisdom William Villeneuve 50 1 2 2
Penalty Kill 4 Players Forward
Center Wing Time % Phy DF OF
1 Peter Abbandonato Josh Archibald 50 1 2 2
2 Tanner Laczynski Drew O'Connor 50 1 2 2
Penalty Kill 4 Players Defense
Defense Defense Time % Phy DF OF
1 Jon Merrill Robert Bortuzzo 50 1 2 2
2 Dylan Coghlan Wyatte Wylie 50 1 2 2
Penalty Kill - 3 Players Forward
Forward Time % Phy DF OF
1 Josh Archibald 50 1 2 2
2 Drew O'Connor 50 1 2 2
Penalty Kill - 3 Players Defense
Defense Defense Time % Phy DF OF
1 Jon Merrill Robert Bortuzzo 50 1 2 2
2 Dylan Coghlan Wyatte Wylie 50 1 2 2
4 vs 4 Forward
Center Wing Time % Phy DF OF
1 Raphael Lavoie Alex Chiasson 50 1 2 2
2 Samuel Poulin Maxime Comtois 50 1 2 2
4 vs 4 Defense
Defense Defense Time % Phy DF OF
1 Jon Merrill Robert Bortuzzo 50 1 2 2
2 Ilya Solovyov Alex Galchenyuk 50 1 2 2
Last Minutes Offensive
Center Left Wing Right Wing Defense Defense
Raphael Lavoie Maxime Comtois Alex Chiasson Jon Merrill Dylan Coghlan
Last Minutes Defensive
Center Left Wing Right Wing Defense Defense
Tanner Laczynski Drew O'Connor Josh Archibald Jon Merrill Robert Bortuzzo
Goaltenders
Starting : Casey DeSmith
Backup : Mackenzie Blackwood
Extra Forwards
Normal : Josh Archibald, Alex Chiasson, Nicolas Deslauriers - PP : Peter Abbandonato, Tanner Laczynski - PK : Nicolas Deslauriers
Extra Defensemen
Normal : Dylan Coghlan, Jon Merrill, Robert Bortuzzo - PP : Robert Bortuzzo - PK : William Villeneuve, Ilya Solovyov
Penalty Shots
Raphael Lavoie, Alex Galchenyuk, Samuel Poulin, William Dufour, Zayde Wisdom
% Time on Ice - London Knights
Lines # - Real PCT - Wanted PCT - Time Play
Normal Forward
1 - 28% - 30% - 12:01
2 - 28% - 30% - 12:04
3 - 25% - 25% - 11:02
4 - 19% - 15% - 8:11
Normal Defense
1 - 29% - 30% - 12:24
2 - 30% - 30% - 13:12
3 - 28% - 25% - 12:12
4 - 13% - 15% - 5:30
PP Forward
1 - 51% - 50% - 6:29
2 - 49% - 50% - 6:07
PP Defense
1 - 50% - 50% - 6:16
2 - 50% - 50% - 6:20
PK Forward
1 - 51% - 50% - 2:05
2 - 49% - 50% - 2:01
PK Defense
1 - 50% - 50% - 2:02
2 - 50% - 50% - 2:04
PK3 Forward
1 - 0% - 50%
2 - 0% - 50%
PK3 Defense
1 - 0% - 50%
2 - 0% - 50%
44 Forward
1 - 0% - 50%
2 - 0% - 50%
44 Defense
1 - 0% - 50%
2 - 0% - 50%
Last Minute Offensive - 0:00
Last Minute Defensive - 0:00
Total
Forward - 60:00
Defense - 60:00
|
% Time on Ice - Newfoundland Shamrocks
Lines # - Real PCT - Wanted PCT - Time Play
Normal Forward
1 - 30% - 30% - 13:03
2 - 31% - 30% - 13:27
3 - 25% - 25% - 10:55
4 - 14% - 15% - 5:53
Normal Defense
1 - 31% - 30% - 13:13
2 - 33% - 30% - 14:22
3 - 27% - 25% - 11:41
4 - 9% - 15% - 4:02
PP Forward
1 - 46% - 50% - 1:54
2 - 54% - 50% - 2:12
PP Defense
1 - 51% - 50% - 2:05
2 - 49% - 50% - 2:01
PK Forward
1 - 49% - 50% - 6:09
2 - 51% - 50% - 6:27
PK Defense
1 - 42% - 50% - 5:17
2 - 58% - 50% - 7:19
PK3 Forward
1 - 0% - 50%
2 - 0% - 50%
PK3 Defense
1 - 0% - 50%
2 - 0% - 50%
44 Forward
1 - 0% - 50%
2 - 0% - 50%
44 Defense
1 - 0% - 50%
2 - 0% - 50%
Last Minute Offensive - 0:00
Last Minute Defensive - 0:00
Total
Forward - 60:00
Defense - 60:00
|
Play-by-Play
1st period
0:01 of 1st period - Raphael Lavoie wins face-off versus Simon Ryfors in neutral zone.
0:11 of 1st period - Wrist shot by Simon Ryfors.
0:11 of 1st period - Stopped by Casey DeSmith with a rebound.
0:15 of 1st period - Slapshot by Liam Foudy.
0:15 of 1st period - Shot Misses the Net.
0:31 of 1st period - Icing by Ilya Solovyov.
0:32 of 1st period - Hunter McKown wins face-off versus Raphael Lavoie in Newfoundland Shamrocks zone.
0:59 of 1st period - Wrist shot by Maxime Comtois.
0:59 of 1st period - Stopped by Michael Hutchinson with a rebound.
1:01 of 1st period - Snap shot by Raphael Lavoie.
1:01 of 1st period - Stopped by Michael Hutchinson without a rebound.
1:02 of 1st period - Josh Archibald wins face-off versus Cameron Hughes in London Knights zone.
1:07 of 1st period - Snap shot by Peter Abbandonato.
1:07 of 1st period - Stopped by Michael Hutchinson with a rebound.
2:19 of 1st period - Minor Penalty to Jordan Oesterle for Tripping.
2:20 of 1st period - Raphael Lavoie wins face-off versus Simon Ryfors in London Knights zone.
2:27 of 1st period - Slapshot by Maxime Comtois.
2:27 of 1st period - Goal by Maxime Comtois - London Knights : 0 - Newfoundland Shamrocks : 1.
2:28 of 1st period - Samuel Poulin wins face-off versus Cameron Hughes in neutral zone.
2:31 of 1st period - Slapshot by William Dufour.
2:31 of 1st period - Stopped by Michael Hutchinson with a rebound.
2:33 of 1st period - Snap shot by Robert Bortuzzo.
2:33 of 1st period - Stopped by Michael Hutchinson with a rebound.
2:35 of 1st period - Snap shot by Samuel Poulin.
2:35 of 1st period - Shot Blocked by Troy Stecher.
2:37 of 1st period - Wrist shot by William Dufour.
2:37 of 1st period - Stopped by Michael Hutchinson with a rebound.
2:39 of 1st period - Wrist shot by Drew O'Connor.
2:39 of 1st period - Stopped by Michael Hutchinson with a rebound.
2:41 of 1st period - Snap shot by Drew O'Connor.
2:41 of 1st period - Shot Misses the Net.
3:15 of 1st period - Backhand shot by Alex Chiasson.
3:15 of 1st period - Shot Misses the Net.
3:17 of 1st period - Snap shot by Maxime Comtois.
3:17 of 1st period - Shot Misses the Net.
3:19 of 1st period - Snap shot by Alex Chiasson.
3:19 of 1st period - Shot Misses the Net.
3:35 of 1st period - Jan Jenik is hit by Drew O'Connor and loses puck.
4:04 of 1st period - Snap shot by Jan Jenik.
4:04 of 1st period - Shot Blocked by Tanner Laczynski.
4:16 of 1st period - Snap shot by Jan Jenik.
4:16 of 1st period - Shot Blocked by Tanner Laczynski.
4:18 of 1st period - Minor Penalty to Alex Galchenyuk for Goalie Interference.
4:19 of 1st period - Peter Abbandonato wins face-off versus Liam Foudy in Newfoundland Shamrocks zone.
5:41 of 1st period - Icing by Troy Stecher.
5:42 of 1st period - Simon Ryfors wins face-off versus Tanner Laczynski in London Knights zone.
6:18 of 1st period - Penalty to Alex Galchenyuk is over, Alex Galchenyuk is back on ice.
6:20 of 1st period - Icing by Jon Merrill.
6:21 of 1st period - Peter Abbandonato wins face-off versus Simon Ryfors in Newfoundland Shamrocks zone.
6:53 of 1st period - Snap shot by Cole Koepke.
6:53 of 1st period - Shot Blocked by Samuel Poulin.
7:32 of 1st period - Backhand shot by Hunter McKown.
7:32 of 1st period - Stopped by Casey DeSmith with a rebound.
7:34 of 1st period - Snap shot by Antonio Stranges.
7:34 of 1st period - Stopped by Casey DeSmith without a rebound.
7:35 of 1st period - Raphael Lavoie wins face-off versus Simon Ryfors in Newfoundland Shamrocks zone.
7:37 of 1st period - Minor Penalty to Ilya Solovyov for Elbowing.
7:38 of 1st period - Tanner Laczynski wins face-off versus Cameron Hughes in Newfoundland Shamrocks zone.
7:54 of 1st period - Wrist shot by Cameron Hughes.
7:54 of 1st period - Goal by Cameron Hughes - London Knights : 1 - Newfoundland Shamrocks : 1.
7:55 of 1st period - Cameron Hughes wins face-off versus Peter Abbandonato in neutral zone.
8:03 of 1st period - Troy Stecher beats up Wyatte Wylie.
8:03 of 1st period - Penalty to Wyatte Wylie for Fighting.
8:03 of 1st period - Penalty to Troy Stecher for Fighting.
8:03 of 1st period - Penalty to Wyatte Wylie for instigated a fight.
8:03 of 1st period - Penalty to Wyatte Wylie for instigated a fight.
8:04 of 1st period - Peter Abbandonato wins face-off versus Simon Ryfors in neutral zone.
8:29 of 1st period - Connor Bunnaman is hit by Drew O'Connor and loses puck.
8:40 of 1st period - Wrist shot by Drew O'Connor.
8:40 of 1st period - Stopped by Michael Hutchinson without a rebound.
8:41 of 1st period - Tanner Laczynski wins face-off versus Simon Ryfors in London Knights zone.
8:48 of 1st period - Snap shot by Tanner Laczynski.
8:48 of 1st period - Stopped by Michael Hutchinson without a rebound.
8:49 of 1st period - Tanner Laczynski wins face-off versus Simon Ryfors in London Knights zone.
8:52 of 1st period - Wrist shot by Tanner Laczynski.
8:52 of 1st period - Shot Misses the Net.
9:20 of 1st period - Slapshot by Tanner Laczynski.
9:20 of 1st period - Stopped by Michael Hutchinson with a rebound.
9:22 of 1st period - Slapshot by Drew O'Connor.
9:22 of 1st period - Shot Blocked by Jacob Christiansen.
10:03 of 1st period - Penalty to Wyatte Wylie is over, Nicolas Deslauriers is send on ice.
10:13 of 1st period - Robert Bortuzzo is hit by Simon Lundmark and loses puck.
10:20 of 1st period - Curtis Douglas is hit by Nicolas Deslauriers and loses puck.
10:25 of 1st period - Slapshot by Drew O'Connor.
10:25 of 1st period - Shot Misses the Net.
10:27 of 1st period - Wrist shot by Drew O'Connor.
10:27 of 1st period - Shot Blocked by Simon Lundmark.
11:08 of 1st period - Connor Bunnaman is hit by Nicolas Deslauriers and loses puck.
11:17 of 1st period - Slapshot by Tanner Laczynski.
11:17 of 1st period - Stopped by Michael Hutchinson with a rebound.
11:19 of 1st period - Wrist shot by Tanner Laczynski.
11:19 of 1st period - Stopped by Michael Hutchinson with a rebound.
11:21 of 1st period - Wrist shot by Robert Bortuzzo.
11:21 of 1st period - Deflect By Drew O'Connor.
11:21 of 1st period - Shot Blocked by Cameron Hughes.
11:21 of 1st period - Puck is out of play.
11:22 of 1st period - Raphael Lavoie wins face-off versus Simon Ryfors in London Knights zone.
11:32 of 1st period - Icing by Simon Ryfors.
11:33 of 1st period - Raphael Lavoie wins face-off versus Simon Ryfors in London Knights zone.
11:57 of 1st period - Snap shot by Liam Foudy.
11:57 of 1st period - Shot Misses the Net.
11:59 of 1st period - Snap shot by Simon Ryfors.
11:59 of 1st period - Stopped by Casey DeSmith without a rebound.
11:59 of 1st period - Minor Penalty to Casey DeSmith for Slashing.
12:00 of 1st period - Peter Abbandonato wins face-off versus Simon Ryfors in Newfoundland Shamrocks zone.
12:29 of 1st period - Kieffer Bellows is hit by Tanner Laczynski and loses puck.
13:03 of 1st period - Penalty to Wyatte Wylie is over, Nicolas Deslauriers is send on ice.
13:59 of 1st period - Penalty to Ilya Solovyov is over, Ilya Solovyov is back on ice.
14:04 of 1st period - Backhand shot by Pavol Regenda.
14:04 of 1st period - Stopped by Casey DeSmith without a rebound.
14:05 of 1st period - Raphael Lavoie wins face-off versus Hunter McKown in Newfoundland Shamrocks zone.
14:10 of 1st period - Antonio Stranges is hit by Robert Bortuzzo and loses puck.
14:17 of 1st period - Slapshot by Simon Lundmark.
14:17 of 1st period - Shot Blocked by William Villeneuve.
14:19 of 1st period - Slapshot by Simon Lundmark.
14:19 of 1st period - Deflect By Maxime Comtois.
14:19 of 1st period - Stopped by Casey DeSmith with a rebound.
14:31 of 1st period - Curtis Douglas is hit by William Dufour and loses puck.
14:58 of 1st period - Minor Penalty to Jon Merrill for Holding.
14:59 of 1st period - Peter Abbandonato wins face-off versus Cameron Hughes in Newfoundland Shamrocks zone.
15:12 of 1st period - Wrist shot by Peter Abbandonato.
15:12 of 1st period - Stopped by Michael Hutchinson without a rebound.
15:13 of 1st period - Simon Ryfors wins face-off versus Tanner Laczynski in London Knights zone.
15:22 of 1st period - Wrist shot by Liam Foudy.
15:22 of 1st period - Goal by Liam Foudy - London Knights : 2 - Newfoundland Shamrocks : 1.
15:23 of 1st period - Simon Ryfors wins face-off versus Samuel Poulin in neutral zone.
15:36 of 1st period - Snap shot by Liam Foudy.
15:36 of 1st period - Deflect By Pavol Regenda.
15:36 of 1st period - Deflect By Robert Bortuzzo.
15:36 of 1st period - Shot Misses the Net.
15:36 of 1st period - Puck is out of play.
15:37 of 1st period - Raphael Lavoie wins face-off versus Cameron Hughes in Newfoundland Shamrocks zone.
16:09 of 1st period - Slapshot by Dylan Coghlan.
16:09 of 1st period - Deflect By Cameron Hughes.
16:09 of 1st period - Stopped by Michael Hutchinson with a rebound.
16:11 of 1st period - Slapshot by Peter Abbandonato.
16:11 of 1st period - Stopped by Michael Hutchinson without a rebound.
16:12 of 1st period - Simon Ryfors wins face-off versus Samuel Poulin in London Knights zone.
16:12 of 1st period - Simon Ryfors is hit by Jon Merrill.
16:18 of 1st period - Wrist shot by Liam Foudy.
16:18 of 1st period - Goal by Liam Foudy - London Knights : 3 - Newfoundland Shamrocks : 1.
16:19 of 1st period - Simon Ryfors wins face-off versus Samuel Poulin in neutral zone.
16:50 of 1st period - Slapshot by Cameron Hughes.
16:50 of 1st period - Stopped by Casey DeSmith with a rebound.
16:52 of 1st period - Snap shot by Kieffer Bellows.
16:52 of 1st period - Shot Misses the Net.
17:00 of 1st period - Raphael Lavoie is hit by Cameron Hughes and loses puck.
17:11 of 1st period - Jordan Oesterle is hit by William Villeneuve and loses puck.
17:20 of 1st period - Snap shot by Josh Archibald.
17:20 of 1st period - Stopped by Michael Hutchinson without a rebound.
17:21 of 1st period - Liam Foudy wins face-off versus Peter Abbandonato in London Knights zone.
17:21 of 1st period - Liam Foudy is hit by Nicolas Deslauriers.
17:48 of 1st period - Icing by Drew O'Connor.
17:49 of 1st period - Cameron Hughes wins face-off versus Samuel Poulin in Newfoundland Shamrocks zone.
18:00 of 1st period - Snap shot by William Dufour.
18:00 of 1st period - Stopped by Michael Hutchinson with a rebound.
18:14 of 1st period - Cameron Hughes is hit by Nicolas Deslauriers and loses puck.
18:47 of 1st period - Wrist shot by Tanner Laczynski.
18:47 of 1st period - Stopped by Michael Hutchinson with a rebound.
19:01 of 1st period - Slapshot by Maxime Comtois.
19:01 of 1st period - Stopped by Michael Hutchinson with a rebound.
19:03 of 1st period - Snap shot by Raphael Lavoie.
19:03 of 1st period - Stopped by Michael Hutchinson without a rebound.
19:04 of 1st period - Simon Ryfors wins face-off versus Raphael Lavoie in London Knights zone.
19:27 of 1st period - Slapshot by Simon Ryfors.
19:27 of 1st period - Shot Misses the Net.
19:49 of 1st period - Nicolas Deslauriers is hit by Alec Regula and loses puck.
Goals for this period are 3 for London Knights vs 1 for Newfoundland Shamrocks.
Shots for this period are 10 for London Knights vs 21 for Newfoundland Shamrocks.
2nd period
0:01 of 2nd period - Simon Ryfors wins face-off versus Maxime Comtois in neutral zone.
0:04 of 2nd period - Snap shot by Liam Foudy.
0:04 of 2nd period - Shot Misses the Net.
0:08 of 2nd period - Snap shot by Simon Ryfors.
0:08 of 2nd period - Shot Blocked by Jon Merrill.
0:10 of 2nd period - Wrist shot by Simon Ryfors.
0:10 of 2nd period - Shot Blocked by Robert Bortuzzo.
0:12 of 2nd period - Slapshot by Christian Wolanin.
0:12 of 2nd period - Stopped by Casey DeSmith without a rebound.
0:13 of 2nd period - Hunter McKown wins face-off versus Samuel Poulin in Newfoundland Shamrocks zone.
1:07 of 2nd period - Wrist shot by Cameron Hughes.
1:07 of 2nd period - Shot Misses the Net.
1:09 of 2nd period - Slapshot by Jordan Oesterle.
1:09 of 2nd period - Stopped by Casey DeSmith with a rebound.
1:25 of 2nd period - Alex Chiasson is hit by Jordan Oesterle and loses puck.
1:30 of 2nd period - Wrist shot by Jan Jenik.
1:30 of 2nd period - Shot Blocked by Jon Merrill.
1:32 of 2nd period - Slapshot by Jordan Oesterle.
1:32 of 2nd period - Shot Misses the Net.
1:46 of 2nd period - Wrist shot by Josh Archibald.
1:46 of 2nd period - Stopped by Michael Hutchinson with a rebound.
1:48 of 2nd period - Wrist shot by Peter Abbandonato.
1:48 of 2nd period - Shot Misses the Net.
1:50 of 2nd period - Slapshot by Jon Merrill.
1:50 of 2nd period - Shot Blocked by Simon Lundmark.
1:52 of 2nd period - Wrist shot by Nicolas Deslauriers.
1:52 of 2nd period - Shot Misses the Net.
2:10 of 2nd period - Drew O'Connor is hit by Pavol Regenda and loses puck.
2:27 of 2nd period - Wrist shot by Drew O'Connor.
2:27 of 2nd period - Stopped by Michael Hutchinson without a rebound.
2:28 of 2nd period - Cameron Hughes wins face-off versus Raphael Lavoie in London Knights zone.
2:40 of 2nd period - Wrist shot by Alex Chiasson.
2:40 of 2nd period - Stopped by Michael Hutchinson with a rebound.
2:58 of 2nd period - Slapshot by Troy Stecher.
2:58 of 2nd period - Stopped by Casey DeSmith without a rebound.
2:59 of 2nd period - Peter Abbandonato wins face-off versus Simon Ryfors in Newfoundland Shamrocks zone.
3:03 of 2nd period - 10 Minutes Misconduct Penalty to Wyatte Wylie is over.
3:24 of 2nd period - Maxime Comtois is hit by Antonio Stranges and loses puck.
3:43 of 2nd period - Snap shot by Kieffer Bellows.
3:43 of 2nd period - Shot Misses the Net.
3:45 of 2nd period - Slapshot by Jordan Oesterle.
3:45 of 2nd period - Shot Blocked by William Dufour.
3:47 of 2nd period - Slapshot by Jacob Christiansen.
3:47 of 2nd period - Shot Blocked by William Villeneuve.
3:53 of 2nd period - Snap shot by Cameron Hughes.
3:53 of 2nd period - Stopped by Casey DeSmith with a rebound.
4:10 of 2nd period - Wrist shot by Cole Koepke.
4:10 of 2nd period - Shot Misses the Net.
4:12 of 2nd period - Slapshot by Simon Lundmark.
4:12 of 2nd period - Stopped by Casey DeSmith without a rebound.
4:13 of 2nd period - Peter Abbandonato wins face-off versus Antonio Stranges in Newfoundland Shamrocks zone.
5:05 of 2nd period - Slapshot by Tanner Laczynski.
5:05 of 2nd period - Shot Blocked by Christian Wolanin.
5:43 of 2nd period - Wyatte Wylie is hit by Connor Bunnaman and loses puck.
6:05 of 2nd period - Double Minor Penalty to Wyatte Wylie for Slashing.
6:06 of 2nd period - Peter Abbandonato wins face-off versus Simon Ryfors in Newfoundland Shamrocks zone.
6:06 of 2nd period - Peter Abbandonato is hit by Jacob Christiansen.
6:30 of 2nd period - Jacob Christiansen is hit by Josh Archibald and loses puck.
7:06 of 2nd period - Slapshot by Jacob Christiansen.
7:06 of 2nd period - Deflect By Simon Ryfors.
7:06 of 2nd period - Shot Misses the Net.
7:06 of 2nd period - Puck is out of play.
7:07 of 2nd period - Cameron Hughes wins face-off versus Tanner Laczynski in Newfoundland Shamrocks zone.
7:12 of 2nd period - Wrist shot by Cameron Hughes.
7:12 of 2nd period - Shot Misses the Net.
7:14 of 2nd period - Slapshot by Connor Bunnaman.
7:14 of 2nd period - Shot Misses the Net.
8:54 of 2nd period - Alex Galchenyuk is hit by Jordan Oesterle and loses puck.
10:05 of 2nd period - Penalty to Wyatte Wylie is over, Wyatte Wylie is back on ice.
10:21 of 2nd period - Kieffer Bellows is hit by Maxime Comtois and loses puck.
11:34 of 2nd period - Troy Stecher is hit by Peter Abbandonato and loses puck.
12:32 of 2nd period - Antonio Stranges is hit by Robert Bortuzzo.
12:52 of 2nd period - Cameron Hughes is hit by Josh Archibald.
14:06 of 2nd period - Connor Bunnaman is hit by Ilya Solovyov and loses puck.
14:38 of 2nd period - Cameron Hughes is hit by Wyatte Wylie and loses puck.
15:11 of 2nd period - Antonio Stranges is hit by Nicolas Deslauriers and loses puck.
16:21 of 2nd period - Ilya Solovyov is hit by Antonio Stranges and loses puck.
16:32 of 2nd period - Slapshot by Antonio Stranges.
16:32 of 2nd period - Stopped by Casey DeSmith with a rebound.
16:34 of 2nd period - Snap shot by Antonio Stranges.
16:34 of 2nd period - Shot Misses the Net.
16:48 of 2nd period - Snap shot by Nicolas Deslauriers.
16:48 of 2nd period - Stopped by Michael Hutchinson without a rebound.
16:49 of 2nd period - Jan Jenik wins face-off versus Peter Abbandonato in London Knights zone.
16:49 of 2nd period - Jan Jenik is hit by Nicolas Deslauriers.
17:19 of 2nd period - Drew O'Connor is hit by Jordan Oesterle and loses puck.
17:34 of 2nd period - Slapshot by Jacob Christiansen.
17:34 of 2nd period - Shot Blocked by Robert Bortuzzo.
17:36 of 2nd period - Wrist shot by Connor Bunnaman.
17:36 of 2nd period - Goal by Connor Bunnaman - London Knights : 4 - Newfoundland Shamrocks : 1.
17:37 of 2nd period - Simon Ryfors wins face-off versus Peter Abbandonato in neutral zone.
17:40 of 2nd period - Peter Abbandonato is hit by Pavol Regenda and loses puck.
18:03 of 2nd period - Slapshot by Hunter McKown.
18:03 of 2nd period - Stopped by Casey DeSmith with a rebound.
18:46 of 2nd period - Wrist shot by Josh Archibald.
18:46 of 2nd period - Stopped by Michael Hutchinson with a rebound.
18:48 of 2nd period - Slapshot by Peter Abbandonato.
18:48 of 2nd period - Stopped by Michael Hutchinson with a rebound.
19:06 of 2nd period - Slapshot by Troy Stecher.
19:06 of 2nd period - Shot Misses the Net.
19:08 of 2nd period - Snap shot by Cameron Hughes.
19:08 of 2nd period - Shot Blocked by Wyatte Wylie.
19:10 of 2nd period - Wrist shot by Cameron Hughes.
19:10 of 2nd period - Stopped by Casey DeSmith with a rebound.
19:12 of 2nd period - Snap shot by Cameron Hughes.
19:12 of 2nd period - Shot Misses the Net.
19:28 of 2nd period - Snap shot by Cameron Hughes.
19:28 of 2nd period - Stopped by Casey DeSmith without a rebound.
19:29 of 2nd period - Raphael Lavoie wins face-off versus Simon Ryfors in Newfoundland Shamrocks zone.
19:54 of 2nd period - Hunter McKown is hit by Drew O'Connor and loses puck.
Goals for this period are 1 for London Knights vs 0 for Newfoundland Shamrocks.
Shots for this period are 10 for London Knights vs 6 for Newfoundland Shamrocks.
3rd period
0:01 of 3rd period - Raphael Lavoie wins face-off versus Liam Foudy in neutral zone.
0:04 of 3rd period - Wrist shot by Alex Chiasson.
0:04 of 3rd period - Shot Misses the Net.
0:13 of 3rd period - Slapshot by Christian Wolanin.
0:13 of 3rd period - Shot Blocked by Maxime Comtois.
0:15 of 3rd period - Slapshot by Troy Stecher.
0:15 of 3rd period - Shot Misses the Net.
0:25 of 3rd period - Hunter McKown is hit by Samuel Poulin and loses puck.
1:03 of 3rd period - Nicolas Deslauriers is hit by Troy Stecher and loses puck.
1:18 of 3rd period - Wrist shot by Liam Foudy.
1:18 of 3rd period - Stopped by Casey DeSmith with a rebound.
1:26 of 3rd period - Wrist shot by Liam Foudy.
1:26 of 3rd period - Shot Misses the Net.
1:36 of 3rd period - Snap shot by Alex Chiasson.
1:36 of 3rd period - Shot Misses the Net.
1:38 of 3rd period - Snap shot by Raphael Lavoie.
1:38 of 3rd period - Shot Blocked by Jordan Oesterle.
1:40 of 3rd period - Snap shot by Maxime Comtois.
1:40 of 3rd period - Shot Blocked by Jacob Christiansen.
1:42 of 3rd period - Wrist shot by Raphael Lavoie.
1:42 of 3rd period - Stopped by Michael Hutchinson with a rebound.
1:44 of 3rd period - Slapshot by Ilya Solovyov.
1:44 of 3rd period - Deflect By Alex Chiasson.
1:44 of 3rd period - Goal by Alex Chiasson - London Knights : 4 - Newfoundland Shamrocks : 2.
1:45 of 3rd period - Simon Ryfors wins face-off versus Raphael Lavoie in neutral zone.
1:55 of 3rd period - Snap shot by Pavol Regenda.
1:55 of 3rd period - Shot Misses the Net.
1:57 of 3rd period - Slapshot by Simon Ryfors.
1:57 of 3rd period - Stopped by Casey DeSmith without a rebound.
1:58 of 3rd period - Raphael Lavoie wins face-off versus Simon Ryfors in Newfoundland Shamrocks zone.
2:31 of 3rd period - Snap shot by Cameron Hughes.
2:31 of 3rd period - Stopped by Casey DeSmith with a rebound.
3:09 of 3rd period - Snap shot by Jan Jenik.
3:09 of 3rd period - Shot Blocked by Zayde Wisdom.
3:11 of 3rd period - Slapshot by Jacob Christiansen.
3:11 of 3rd period - Shot Misses the Net.
3:13 of 3rd period - Snap shot by Cole Koepke.
3:13 of 3rd period - Goal by Cole Koepke - London Knights : 5 - Newfoundland Shamrocks : 2.
3:14 of 3rd period - Raphael Lavoie wins face-off versus Simon Ryfors in neutral zone.
3:35 of 3rd period - Maxime Comtois is hit by Troy Stecher and loses puck.
3:48 of 3rd period - Wrist shot by William Dufour.
3:48 of 3rd period - Deflect By Drew O'Connor.
3:48 of 3rd period - Goal by Drew O'Connor - London Knights : 5 - Newfoundland Shamrocks : 3.
3:49 of 3rd period - Simon Ryfors wins face-off versus Raphael Lavoie in neutral zone.
4:27 of 3rd period - Robert Bortuzzo is hit by Hunter McKown and loses puck.
4:44 of 3rd period - Snap shot by Jan Jenik.
4:44 of 3rd period - Shot Misses the Net.
4:45 of 3rd period - Samuel Poulin and Alec Regula fight to a draw.
4:45 of 3rd period - Penalty to Samuel Poulin for Fighting.
4:45 of 3rd period - Penalty to Alec Regula for Fighting.
4:45 of 3rd period - Penalty to Samuel Poulin for instigated a fight.
4:45 of 3rd period - Penalty to Samuel Poulin for instigated a fight.
4:46 of 3rd period - Peter Abbandonato wins face-off versus Cameron Hughes in Newfoundland Shamrocks zone.
5:11 of 3rd period - Wyatte Wylie is hit by Simon Ryfors.
6:45 of 3rd period - Penalty to Samuel Poulin is over, Alex Chiasson is send on ice.
6:54 of 3rd period - Snap shot by Hunter McKown.
6:54 of 3rd period - Shot Blocked by Jon Merrill.
6:56 of 3rd period - Slapshot by Antonio Stranges.
6:56 of 3rd period - Stopped by Casey DeSmith with a rebound.
7:04 of 3rd period - Slapshot by Robert Bortuzzo.
7:04 of 3rd period - Stopped by Michael Hutchinson without a rebound.
7:05 of 3rd period - Jan Jenik wins face-off versus Raphael Lavoie in London Knights zone.
7:05 of 3rd period - Jan Jenik is hit by Alex Chiasson.
7:33 of 3rd period - Jacob Christiansen is hit by William Villeneuve and loses puck.
7:53 of 3rd period - Simon Ryfors is hit by Jon Merrill and loses puck.
8:16 of 3rd period - Wrist shot by Cameron Hughes.
8:16 of 3rd period - Shot Misses the Net.
8:18 of 3rd period - Backhand shot by Jacob Christiansen.
8:18 of 3rd period - Deflect By Kieffer Bellows.
8:18 of 3rd period - Stopped by Casey DeSmith with a rebound.
8:26 of 3rd period - Cameron Hughes is hit by Nicolas Deslauriers and loses puck.
8:43 of 3rd period - Wrist shot by Alex Chiasson.
8:43 of 3rd period - Shot Blocked by Troy Stecher.
8:45 of 3rd period - Wrist shot by Raphael Lavoie.
8:45 of 3rd period - Stopped by Michael Hutchinson with a rebound.
8:47 of 3rd period - Wrist shot by Raphael Lavoie.
8:47 of 3rd period - Shot Blocked by Troy Stecher.
8:49 of 3rd period - Wrist shot by Alex Chiasson.
8:49 of 3rd period - Stopped by Michael Hutchinson without a rebound.
8:50 of 3rd period - Simon Ryfors wins face-off versus Alex Chiasson in London Knights zone.
8:52 of 3rd period - Minor Penalty to Christian Wolanin for Hooking.
8:53 of 3rd period - Cameron Hughes wins face-off versus Peter Abbandonato in London Knights zone.
8:55 of 3rd period - Wrist shot by Nicolas Deslauriers.
8:55 of 3rd period - Stopped by Michael Hutchinson without a rebound.
8:56 of 3rd period - Cameron Hughes wins face-off versus Peter Abbandonato in London Knights zone.
9:21 of 3rd period - Snap shot by Liam Foudy.
9:21 of 3rd period - Stopped by Casey DeSmith with a rebound.
9:23 of 3rd period - Snap shot by Simon Ryfors.
9:23 of 3rd period - Stopped by Casey DeSmith with a rebound.
9:25 of 3rd period - Slapshot by Jacob Christiansen.
9:25 of 3rd period - Deflect By Maxime Comtois.
9:25 of 3rd period - Stopped by Casey DeSmith with a rebound.
9:27 of 3rd period - Wrist shot by Liam Foudy.
9:27 of 3rd period - Stopped by Casey DeSmith with a rebound.
9:29 of 3rd period - Wrist shot by Liam Foudy.
9:29 of 3rd period - Shot Misses the Net.
9:45 of 3rd period - Penalty to Alec Regula is over, Alec Regula is back on ice.
9:48 of 3rd period - Icing by Nicolas Deslauriers.
9:49 of 3rd period - Peter Abbandonato wins face-off versus Simon Ryfors in Newfoundland Shamrocks zone.
9:54 of 3rd period - Slapshot by Ilya Solovyov.
9:54 of 3rd period - Shot Blocked by Alec Regula.
10:08 of 3rd period - Raphael Lavoie is hit by Alec Regula and loses puck.
10:17 of 3rd period - Snap shot by Cameron Hughes.
10:17 of 3rd period - Stopped by Casey DeSmith with a rebound.
10:52 of 3rd period - Penalty to Christian Wolanin is over, Christian Wolanin is back on ice.
12:20 of 3rd period - Zayde Wisdom is hit by Connor Bunnaman and loses puck.
12:41 of 3rd period - William Dufour is hit by Cole Koepke and loses puck.
13:02 of 3rd period - Nicolas Deslauriers is hit by Liam Foudy and loses puck.
13:15 of 3rd period - Jon Merrill is hit by Jordan Oesterle and loses puck.
13:52 of 3rd period - Wrist shot by Tanner Laczynski.
13:52 of 3rd period - Stopped by Michael Hutchinson with a rebound.
14:03 of 3rd period - Pavol Regenda is hit by William Dufour and loses puck.
14:16 of 3rd period - Raphael Lavoie is hit by Troy Stecher.
14:26 of 3rd period - Dylan Coghlan is hit by Hunter McKown and loses puck.
14:33 of 3rd period - Nick Swaney is hit by Drew O'Connor and loses puck.
15:55 of 3rd period - Alex Chiasson is hit by Antonio Stranges and loses puck.
16:00 of 3rd period - Snap shot by Hunter McKown.
16:00 of 3rd period - Stopped by Casey DeSmith without a rebound.
16:01 of 3rd period - William Dufour wins face-off versus Hunter McKown in Newfoundland Shamrocks zone.
16:18 of 3rd period - Minor Penalty to Jordan Oesterle for Hooking.
16:19 of 3rd period - Raphael Lavoie wins face-off versus Simon Ryfors in London Knights zone.
16:44 of 3rd period - Alec Regula is hit by Nicolas Deslauriers and loses puck.
17:53 of 3rd period - Cameron Hughes is hit by Nicolas Deslauriers.
18:09 of 3rd period - Simon Ryfors is hit by Ilya Solovyov.
18:18 of 3rd period - Penalty to Jordan Oesterle is over, Jordan Oesterle is back on ice.
18:40 of 3rd period - Snap shot by Jan Jenik.
18:40 of 3rd period - Stopped by Casey DeSmith without a rebound.
18:41 of 3rd period - Jan Jenik wins face-off versus Peter Abbandonato in Newfoundland Shamrocks zone.
18:42 of 3rd period - Wrist shot by Cole Koepke.
18:42 of 3rd period - Shot Blocked by Robert Bortuzzo.
18:44 of 3rd period - Wrist shot by Curtis Douglas.
18:44 of 3rd period - Shot Misses the Net.
19:10 of 3rd period - Snap shot by Hunter McKown.
19:10 of 3rd period - Shot Blocked by Raphael Lavoie.
19:29 of 3rd period - William Dufour is hit by Simon Ryfors and loses puck.
19:45 of 3rd period - 10 Minutes Misconduct Penalty to Samuel Poulin is over.
Goals for this period are 1 for London Knights vs 2 for Newfoundland Shamrocks.
Shots for this period are 13 for London Knights vs 8 for Newfoundland Shamrocks.
Back to the Top